 Dungeon Crawl Stone Soup version 0.29.1-4-g47bece8355 (webtiles) character file.

Game seed: 15350925111287114943

15 hawla the Chiller (level 2, 0/20 HPs)
             Began as a Meteoran Ice Elementalist on Dec 4, 2022.
             Slain by a dart slug (1 damage)
             ... on level 2 of the Dungeon.
             The game lasted 00:01:22 (143 turns).

hawla the Chiller (Meteoran Ice Elementalist)        Turns: 143, Time: 00:01:23

Health: 0/20       AC:  2    Str: 11    XL:     2   Next: 88%
Magic:  1/6        EV:  9    Int: 16    God:
Gold:   12         SH:  0    Dex: 14    Spells: 5/6 levels left

rFire   . . .      SeeInvis .   e - +7 hand axe of Past Mistakes {elec, Str+2}
rCold   . . .      Faith    .   (no shield)
rNeg    . . .      Spirit   .   a - +0 robe
rPois   .          Reflect  .   (no helmet)
rElec   .          Harm     .   (no cloak)
rCorr   .          Rampage  .   (no gloves)
Will    .....                   (no boots)
Stlth   +.........              (no amulet)
HPRegen 0.06/turn               (no ring)
MPRegen 0.10/turn               (no ring)

@: glowing, constricted
A: sense surroundings 1, otherworldly, glowing, explore regen
a: no special abilities


You were on level 2 of the Dungeon.
You visited 1 branch of the dungeon, and saw 2 of its levels.

You collected 12 gold pieces.

Inventory:

Hand Weapons
 e - the +7 hand axe of Past Mistakes (weapon) {elec, Str+2}
   (You found it on level 2 of the Dungeon)

   It occasionally discharges a powerful burst of electricity upon striking a
   foe.
   Str:       It affects your strength (+2).
Armour
 a - a +0 robe (worn)
Wands
 f - a wand of flame (19) (quivered)
Scrolls
 c - a scroll of identify {unknown}
Potions
 b - a potion of magic


   Skills:
 + Level 2.5 Dodging
 - Level 1.4 Stealth
 + Level 2.9 Spellcasting
 + Level 4.9 Ice Magic


You had 5 spell levels left.
You knew the following spells:

 Your Spells              Type           Power      Damage    Failure   Level
a - Freeze                Ice            72%        1d9       2%          1

Your spell library contained the following spells:

 Spells                   Type           Power      Damage    Failure   Level
 Frozen Ramparts          Ice            36%        1d6       8%          3
 Ozocubu's Armour         Ice            18%        N/A       8%          3
 Hailstorm                Conj/Ice       10%        3d5       56%         4


Dungeon Overview and Level Annotations

Branches:
Dungeon (2/15) Zot: 1056

Altars:


Innate Abilities, Weirdness & Mutations

You passively map a small area around you.
You are easily found by Zot.
You glow in the dark.
You regain HP and MP as you explore.


Message History

You freeze the gnoll.
You kill the gnoll!
The dart slug bites you.
* * * LOW HITPOINT WARNING * * *
The ball python bites you.
* * * LOW HITPOINT WARNING * * *
The ball python constricts you.
* * * LOW HITPOINT WARNING * * *
The gnoll throws a throwing net.
The throwing net barely misses you.
Casting: Freeze (safe; 2% risk of failure)
Confirm with . or Enter, or press ? or * to list all spells.
Aiming: Freeze (safe; 2% risk of failure)
Press: ? - help, Shift-Dir - straight line, f - dart slug
Aim: a dart slug You freeze the dart slug.
The dart slug is moderately wounded.
The ball python bites you.
* * * LOW HITPOINT WARNING * * *
The ball python constricts you.
The dart slug bites you but does no damage.
Casting: Freeze (safe; 2% risk of failure)
Confirm with . or Enter, or press ? or * to list all spells.
Aiming: Freeze (safe; 2% risk of failure)
Press: ? - help, Shift-Dir - straight line, f/p - dart slug
Aim: a dart slug (moderately wounded)
You freeze the dart slug.
The dart slug is heavily wounded.
The ball python bites you but does no damage.
The ball python constricts you.
Casting: Freeze (safe; 2% risk of failure)
Confirm with . or Enter, or press ? or * to list all spells.
Aiming: Freeze (safe; 2% risk of failure)
Press: ? - help, Shift-Dir - straight line, f/p - dart slug
Aim: a dart slug (heavily wounded)
You freeze the dart slug.
The dart slug is almost dead.
The ball python bites you.
* * * LOW HITPOINT WARNING * * *
The ball python constricts you. The dart slug bites you.
You die...

#..# * * * #..# .# ,
#..###.##.# ,
#....#.##.# # *
#.##.#.##.# *.#
###+##...##.######.# ,
#........##.#...(..#**
#........##.#...?..# ,
#........##.#..@...# ,,
#........##.#.S)w..## *
###+#.......#.g........
, #)##.######..g.......
#................####
####.######g##+#... ,
#.#### #.# ..## #....#
#.# .... #....# #.#*,
##


You could see 3 gnolls, a dart slug and a ball python.

Vanquished Creatures
  A gnoll (D:2)
  3 endoplasms (D:2)
  A hobgoblin (D:1)
5 creatures vanquished.

Notes
Turn   | Place    | Note
-------+----------+-------------------------------------------
     0 | D:1      | hawla the Meteoran Ice Elementalist began the quest for the
                  | Orb.
     0 | D:1      | Reached XP level 1. HP: 14/14 MP: 5/5
    68 | D:2      | Identified the +7 hand axe of Past Mistakes {elec, Str+2}
    95 | D:2      | Reached XP level 2. HP: 19/20 MP: 6/6
   143 | D:2      | HP: 1/20 [ball python (1)]
   143 | D:2      | Slain by a dart slug

Illustrated notes

Levels and vault maps discovered:
D:1:      lightli_arrival_maybe_door_vault, layout_loops_ring,
          minmay_misc_feat_encased, minmay_misc_feat_five
D:2:      layout_basic, ebering_ecumenical_altar_webs

Action                   || total
-------------------------++-------
Melee: Hand axe          ||     2
 Cast: Freeze            ||    11
  Use: Potion            ||     1
Armor: Robe              ||     2
Dodge: Dodged            ||     7
